 Dungeon Crawl Stone Soup version 0.30-a0-860-g512cf1e979 (console) character file.

Game seed: 9262446435309328592

30 jejorda2 the Poker (level 3, -27/30 HPs)
             Began as a Merfolk Berserker on Mar 7, 2023.
             Was a Believer of Trog.
             Killed by an exploding hobgoblin (38 damage)
             ... ignited by their inner flame
             ... on level 2 of the Dungeon.
             The game lasted 00:02:25 (886 turns).

jejorda2 the Poker (Merfolk Berserker)               Turns: 886, Time: 00:02:25

Health: -27/30     AC:  3    Str: 19    XL:     3   Next: 20%
Magic:  3/3        EV: 12    Int:  6    God:    Trog [**....]
Gold:   61         SH:  0    Dex: 13    Spells: 2/2 levels left

rFire   . . .      SeeInvis .    a - +0 spear
rCold   . . .      Faith    .    (no shield)
rNeg    . . .      Spirit   .    g - +0 leather armour
rPois   .          Reflect  .    (no helmet)
rElec   .          Rampage  .    (no cloak)
rCorr   .                        (no gloves)
Will    .....                    (no boots)
Stlth   +                        (no amulet)
HPRegen 0.25/turn                (no ring)
MPRegen 0.08/turn                (no ring)

@: on berserk cooldown, slowed, very slow
A: (nimble swimmer 2), mertail
a: Renounce Religion, Berserk, Trog's Hand


You were on level 2 of the Dungeon.
You worshipped Trog.
Trog was pleased with you.
You visited 1 branch of the dungeon, and saw 2 of its levels.

You collected 61 gold pieces.

Inventory:

Hand Weapons
 a - a +0 spear (weapon)
Missiles
 d - 17 stones (quivered)
Armour
 g - a +0 leather armour (worn)
Potions
 b - 2 potions of ambrosia
 e - a potion of haste {unknown}
 h - a potion of heal wounds {unknown}


   Skills:
 + Level 3.7 Fighting
 * Level 5.2 Polearms
 - Level 1.3 Armour
 - Level 2.6 Dodging


You had 2 spell levels left.
You didn't know any spells.
Your spell library was empty.

Dungeon Overview and Level Annotations

Branches:
Dungeon (2/15)

Altars:

Shops:
D:1 =


Innate Abilities, Weirdness & Mutations

((You are very nimble when in or above water. (Stealth+, EV+, Speed+++)))
Your lower body shifts to a powerful aquatic tail in water.


Message History

The endoplasm completely misses you.
The endoplasm hits you but does no damage.
The hobgoblin hits you but does no damage.
The endoplasm hits you. The hobgoblin misses you.
The endoplasm barely misses you.
You hit the hobgoblin but do no damage. The endoplasm freezes you.
You are frozen.
The hobgoblin hits you but does no damage.
The endoplasm hits you.
You barely miss the hobgoblin. The endoplasm closely misses you.
The endoplasm hits you but does no damage.
The hobgoblin hits you.
You barely miss the hobgoblin. The endoplasm freezes you.
You are frozen.
The hobgoblin barely misses you.
The endoplasm hits you but does no damage.
You hit the hobgoblin.
Flame seeps out of the hobgoblin.
The hobgoblin is heavily wounded.
The endoplasm freezes you.
You are frozen.
The endoplasm freezes you.
You are frozen.
The hobgoblin barely misses you.
The endoplasm hits you but does no damage.
The hobgoblin barely misses you. The endoplasm freezes you.
You are frozen.
You hit the hobgoblin.
Flame seeps out of the hobgoblin.
The hobgoblin is severely wounded.
The endoplasm barely misses you. The hobgoblin hits you.
The endoplasm closely misses you.
You hit the hobgoblin. Trog accepts your kill.
The hobgoblin explodes!
The fiery explosion engulfs the bat!!
Trog accepts your kill.
You can now call upon Trog for regeneration and willpower.
The fiery explosion engulfs you!!!
Ouch! That really hurt!
You die...

..........##[##.#.#......
...........#.##.......#
........[#.#..##...#..#
####...##.##. ###†.b.#
#.#. .. #. #.#.## ###S#.#
#§g...# #§##### #@#
.....§JJ# #...§§§g§
#...§..... #..........
######..#### #.## ..


You could see 2 endoplasms and 2 hobgoblins.

Vanquished Creatures
  6 ball pythons
  2 endoplasms (D:1)
  3 giant cockroaches
  6 hobgoblins
  2 kobolds (D:1)
  2 quokkas (D:1)
  3 bats
  A frilled lizard (D:1)
  A goblin (D:1)
  2 rats
28 creatures vanquished.

Notes
Turn   | Place    | Note
-------+----------+-------------------------------------------
     0 | D:1      | jejorda2 the Merfolk Berserker began the quest for the Orb.
     0 | D:1      | Reached XP level 1. HP: 18/18 MP: 1/1
   110 | D:1      | HP: 1/27 [ball python (2)]
   115 | D:1      | Reached XP level 2. HP: 3/24 MP: 2/2
   572 | D:1      | Reached skill level 5 in Polearms
   584 | D:1      | Found Coyzit's Jewellery Shoppe.
   619 | D:1      | Reached XP level 3. HP: 30/30 MP: 3/3
   886 | D:2      | Reached ** piety under Trog
   886 | D:2      | Killed by an exploding hobgoblin... ignited by their inner
                  | flame

Illustrated notes

Levels and vault maps discovered:
D:1:      dpeg_arrival_shelter, layout_loops_ring, serial_shops,
          nicolae_shop_window_shopping, minivault_4, st_stairs_1
D:2:      layout_rooms, serial_glass, glass_columns_c, glass_columns_a

Skill      XL: |  1  2 |
---------------+-------+-----
Polearms       | 5 |  5.2
Fighting       | |  3.7
Armour         | |  1.3
Dodging        | |  2.6

Action                     || total
---------------------------++-------
  Melee: Spear             ||    92
         Tailslap          ||     1
 Invoke: Berserk           ||     2
    Use: Scroll            ||     3
 Armour: Animal skin       ||     6
         Leather armour    ||    20
  Dodge: Dodged            ||    66

Table legend: (Time is in decaauts)
 A = Elapsed time spent in this place.
 B = Non-inter-level travel time spent in this place.
 C = Inter-level travel time spent in this place.
 D = Time resting spent in this place.
 E = Time spent auto-exploring this place.
 F = Levels seen in this place.
 G = Mean time per level.
                   A        B        C        D        E       F      G
               +--------+--------+--------+--------+--------+-----+--------+
         Total |    879 |    866 |     13 |     91 |    583 |   2 |  439.5 |
       Dungeon |    879 |    866 |     13 |     91 |    583 |   2 |  439.5 |
               +--------+--------+--------+--------+--------+-----+--------+

Top non-repeatable levels by time:
     D:1: 826 daAuts
     D:2: 53 daAuts
